 Dungeon Crawl Stone Soup version 0.25-a0-613-gf4b266557c (webtiles) character file.

Game seed: 4293771994908512225, levelgen mode: deterministic

198 Mehrunes the Magician (level 5, -1/42 HPs)
             Began as a Deep Elf Wizard on Mar 17, 2020.
             Was an Initiate of Ashenzari.
             Slain by Menkaure (9 damage)
             ... on level 4 of the Dungeon.
             The game lasted 00:09:21 (3484 turns).

Mehrunes the Magician (Deep Elf Wizard)             Turns: 3484, Time: 00:09:21

Health: -1/42      AC: 22    Str:  4    XL:     5   Next: 47%
Magic:  3/15       EV:  2    Int: 24    God:    Ashenzari [......]
Gold:   99         SH:  0    Dex: 13    Spells: 4/15 levels left

rFire    + + +     SeeInvis .   c - -1 dagger (curse)
rCold    + . .     Gourm    .   (no shield)
rNeg     + + +     Faith    .   (armour currently unavailable)
rPois    +         Spirit   .   (helmet currently unavailable)
rElec    +         Reflect  .   (cloak currently unavailable)
rCorr    +         Harm     .   (gloves currently unavailable)
MR       .....     NoTele   +   (boots currently unavailable)
Stlth    ++........             (no amulet)
HPRegen  0.14/turn              u - ring of protection from fire
MPRegen  0.14/turn              y - ring of protection from fire

@: tree-form, resistant, very slightly contaminated
A: no striking features
a: Curse Item, Renounce Religion


You were on level 4 of the Dungeon.
You worshipped Ashenzari.
Ashenzari was noncommittal.
You were not hungry.
You were a tree.
You visited 1 branch of the dungeon, and saw 4 of its levels.

You collected 99 gold pieces.

Inventory:

Hand Weapons
 c - a cursed -1 dagger (weapon)
 e - a +0 dagger
 o - a +1 vorpal hand axe
Armour
 a - a +0 robe
 b - a +0 hat (melded)
 i - a +0 pair of gloves (melded)
 m - a cursed +0 robe (melded)
 s - a +0 helmet
Jewellery
 u - a ring of protection from fire (left branch)
 y - a ring of protection from fire (right branch)
Wands
 w - a wand of acid (6)
Scrolls
 f - a scroll of noise
 g - a scroll of blinking
 h - 2 scrolls of teleportation {unknown}
 j - a scroll of fog {unknown}
 n - a scroll of immolation {unknown}
 p - a scroll of amnesia
 v - 3 scrolls of identify
Potions
 k - a potion of lignification
 l - a potion of haste {unknown}
 q - a potion of resistance
 t - a potion of flight {unknown}
 x - a potion of brilliance {unknown}
 z - a potion of might {unknown}
Comestibles
 d - 6 rations
 r - 4 chunks of flesh


   Skills:
 - Level 2.4 Dodging
 - Level 2.4 Stealth
 + Level 5.8 Spellcasting
 - Level 2.8 Conjurations
 - Level 1.1 Summonings
 - Level 1.1 Translocations
 * Level 2.4 Air Magic
 * Level 2.7 Poison Magic


You had 4 spell levels left.
You knew the following spells:

 Your Spells              Type           Power        Failure   Level  Hunger
a - Magic Dart            Conj           ###.         2%          1    None
b - Call Imp              Summ           ##......     8%          2    None
c - Mephitic Cloud        Conj/Pois/Air  ###.....     9%          3    #......
d - Conjure Flame         Conj/Fire      ##......     14%         3    #......
e - Blink                 Tloc           N/A          8%          2    None

Your spell library contained the following spells:

 Spells                   Type           Power        Failure   Level  Hunger
 Apportation              Tloc           ##....       5%          1    None
 Summon Small Mammal      Summ           ##..         5%          1    None
 Animate Skeleton         Necr           N/A          9%          1    None
 Corona                   Hex            #......      9%          1    None
 Slow                     Hex            #.......     12%         2    None


Dungeon Overview and Level Annotations

Branches:
Dungeon (4/15)
 Temple: D:4-7

Altars:
Ashenzari
Elyvilon
Sif Muna
The Shining One

Annotations:
D:4 Blork the orc, Menkaure


Message History

Menkaure hits you but does no damage.
Your crimson imp blinks!
Casting: Call Imp (safe; 8% risk of failure)
Confirm with . or Enter, or press ? or * to list all spells.
A shadowy apparition takes form in the air.
Blork the orc casts a spell.
Blork the orc flickers and vanishes!
Deactivating autopickup; reactivate with Ctrl-A.
Menkaure hits you but does no damage. Something hits you but does no damage.
Your crimson imp blinks!
Casting: Call Imp (safe; 8% risk of failure)
Confirm with . or Enter, or press ? or * to list all spells.
Aiming: Magic Dart (safe; 2% risk of failure)
Press: ? - help, Shift-Dir - straight line, f - Menkaure
Aim: Menkaure (lightly damaged, fast)
The magic dart hits Menkaure.
Menkaure is lightly damaged.
Your crimson imp disappears in a puff of smoke!
Menkaure hits you!
You die...

#.....#..............
#.....#..............
#.....#..............
#.....#######'######+### #####
...###....§...............###....
.....#....................#......
.... #............5.......#......
.... #...........5{.......#......
.... #..........♣M§.......#'##...
...###........########.......#...
...#.....##+### #...5...#..5
...'.....# #.......#...
...#.....# #.......'.5.
...#.....# #.......#...
...#.....# #.......#...
.÷.#.....# #.......#...
##'#.....## #.......###+


You could see Menkaure, a friendly white imp and a friendly shadow imp.

Vanquished Creatures
  3 orc wizards (D:3)
  A worker ant (D:3)
  4 adders
  A leopard gecko (D:3)
  2 orcs (D:4)
  3 giant cockroaches
  6 goblins
  4 hobgoblins
  4 jackals (D:2)
  6 kobolds
  10 bats
  2 frilled lizards
  6 rats
52 creatures vanquished.

Vanquished Creatures (collateral kills)
  A gnoll (D:1)
  3 worms
  2 jackals (D:2)
6 creatures vanquished.

Grand Total: 58 creatures vanquished

Notes
Turn   | Place    | Note
-------+----------+-------------------------------------------
     0 | D:1      | Mehrunes the Deep Elf Wizard began the quest for the Orb.
     0 | D:1      | Reached XP level 1. HP: 10/10 MP: 7/7
   382 | D:1      | Reached XP level 2. HP: 15/15 MP: 6/9
   386 | D:1      | Learned a level 2 spell: Call Imp
  1021 | D:2      | Reached skill level 5 in Spellcasting
  1021 | D:2      | Reached XP level 3. HP: 19/19 MP: 4/11
  1095 | D:1      | Learned a level 3 spell: Mephitic Cloud
  1099 | D:1      | Learned a level 3 spell: Conjure Flame
  1102 | D:1      | Learned a level 2 spell: Blink
  1883 | D:3      | Reached skill level 1 in Poison Magic
  2026 | D:3      | Found a shattered altar of Ashenzari.
  2030 | D:3      | Became a worshipper of Ashenzari the Shackled
  2116 | D:3      | Found a shimmering blue altar of Sif Muna.
  2132 | D:3      | Reached skill level 1 in Air Magic
  2132 | D:3      | Reached XP level 4. HP: 24/24 MP: 2/13
  2428 | D:3      | Found a glowing golden altar of the Shining One.
  3059 | D:4      | Found a white marble altar of Elyvilon.
  3108 | D:3      | Reached XP level 5. HP: 27/28 MP: 9/15
  3456 | D:4      | Noticed Menkaure
  3458 | D:4      | Noticed Blork the orc
  3484 | D:4      | Slain by Menkaure

Levels and vault maps discovered:
D:1:      scummos_arrival_hexagon, layout_loops_ring
D:2:      layout_rooms, corexii_hall_statues_x, grunt_ministairs_10,
          minmay_cut_off
D:3:      layout_loops_ring, nicolae_tso_carved_into_rock,
          nicolae_ashenzari_panopticon, led_sif_book
D:4:      layout_gridville, elyvilon_altar_3, first_ration, uniq_menkaure,
          uniq_blork_the_orc

Skill      XL: |  1  2  3  4 |
---------------+-------------+-----
Conjurations   | 2 |  2.8
Spellcasting   | 5 |  5.8
Poison Magic   | 1 2 |  2.7
Air Magic      | 1 2 |  2.4
Dodging        | |  2.4
Stealth        | |  2.4
Summonings     | |  1.1
Translocations | |  1.1

Action                   |  1- 3 |  4- 6 || total
-------------------------+-------+-------++-------
Melee: Dagger            |    10 |     3 ||    13
 Cast: Magic Dart        |    91 |    49 ||   140
       Call Imp          |     6 |    10 ||    16
  Use: Scroll            |     3 |       ||     3
       Potion            |       |     2 ||     2
 Stab: Distracted        |     1 |       ||     1
  Eat: Chunk             |     3 |     5 ||     8
Armor: Robe              |    23 |     1 ||    24
       Skin              |       |    10 ||    10
Dodge: Dodged            |    38 |    13 ||    51

Table legend:
 A = Non-vault XP
 B = Vault XP
 C = Vault XP percentage of total XP
 D = Non-vault monster count
 E = Vault monster count
 F = Vault count percentage of total count
                 A         B        C        D         E       F
            +---------+---------+-------+---------+---------+-------
      Total |     196 |      88 |  31.0 |      46 |      12 |  20.7
            +---------+---------+-------+---------+---------+-------
        D:1 |      27 |       0 |   0.0 |      12 |       0 |   0.0
        D:2 |      33 |      17 |  34.0 |      13 |      10 |  43.5
        D:3 |     101 |      71 |  41.3 |      16 |       2 |  11.1
        D:4 |      35 |       0 |   0.0 |       5 |       0 |   0.0
            +---------+---------+-------+---------+---------+-------
